 Dungeon Crawl Stone Soup version 0.30-a0-632-g346586fe48 (webtiles) character file.

Game seed: 16060742176427467003

94 wormed the Insei (level 4, -3/42 HPs)
             Began as an Octopode Transmuter on Jan 13, 2023.
             Slain by an iguana (10 damage)
             ... on level 3 of the Dungeon.
             The game lasted 00:02:37 (1778 turns).

wormed the Insei (Octopode Transmuter)              Turns: 1778, Time: 00:02:37

Health: -3/42      AC: 22    Str:  9    XL:     4   Next: 63%
Magic:  5/8        EV:  2    Int: 17    God:
Gold:   134        SH:  0    Dex: 12    Spells: 1/8 levels left

rFire   . . .      SeeInvis .      - Unarmed
rCold   . . .      Faith    .    (no shield)
rNeg    . . .      Spirit   .    (helmet currently unavailable)
rPois   +          Reflect  .    (no amulet)
rElec   .          Harm     .    (no ring)
rCorr   .          Rampage  .    (no ring)
Will    .....      NoTele   +    (no ring)
Stlth   +                        (no ring)
HPRegen 0.27/turn                (no ring)
MPRegen 0.11/turn                (no ring)
                                 (no ring)
                                 (no ring)

@: tree-form, wereblooded
A: stationary, stasis, torment immunity, boosted hp, almost no armour,
(amphibious), 8 rings, (camouflage 1), (gelatinous body 1), (nimble swimmer 1),
(tentacles)
a: no special abilities


You were on level 3 of the Dungeon.
You were a tree.
You visited 1 branch of the dungeon, and saw 3 of its levels.

You collected 134 gold pieces.

Inventory:

Wands
 m - a wand of roots (3)
Potions
 b - a potion of mutation
 c - 2 potions of brilliance
 g - a potion of invisibility
 k - 2 potions of attraction
 n - a potion of haste {unknown}
 o - a potion of flight {unknown}
 p - a potion of cancellation {unknown}


   Skills:
 - Level 1.0 Fighting
 - Level 2.0 Dodging
 - Level 3.0 Unarmed Combat
 + Level 2.7 Spellcasting
 + Level 2.9 Transmutations
 * Level 2.7 Ice Magic


You had one spell level left.
You knew the following spells:

 Your Spells              Type           Power      Damage    Failure   Level
a - Beastly Appendage     Tmut           24%        N/A       5%          1
b - Wereblood             Tmut           12%        N/A       9%          2
c - Ice Form              Ice/Tmut       11%        N/A       50%         4

Your spell library contained the following spells:

 Spells                   Type           Power      Damage    Failure   Level
 Spider Form              Tmut/Pois      7%         N/A       30%         3
 Kindle Blastsparks       Fire/Tloc/Air  4%         2d10      47%         3
 Fulminant Prism          Conj/Hex       1%         3d5       87%         4
 Iskenderun's Mystic Bla  Conj/Tloc      2%         2d3       87%         4
 Lee's Rapid Deconstruct  Erth           1%         3d4*      99%         5


Dungeon Overview and Level Annotations

Branches:
Dungeon (3/15)

Altars:
Kikubaaqudgha


Innate Abilities, Weirdness & Mutations

You are a tree.
Your roots penetrate the ground, keeping you stationary.
You cannot be teleported.
You are immune to unholy pain and torment.
Your maximum health is greatly increased.
You cannot wear most types of armour.
((You are amphibious.))
You can wear up to eight rings at the same time.
((Your skin changes colour to match your surroundings (Stealth+).))
((Your rubbery body absorbs attacks. (AC +1, EV +1)))
((You are camouflaged when in or above water. (Stealth+)))
((You have tentacles for arms and can constrict up to eight enemies at once.))


Message History

You howl as the wereblood boils in your veins!
Your primal bloodlust has ended.
An iguana comes into view.
An iguana is nearby!
An iguana is nearby!
An iguana is nearby!
An iguana is nearby!
Casting: Wereblood (safe; 9% risk of failure)
Confirm with . or Enter, or press ? or * to list all spells.
One of your tentacles grows a vicious spike.
The iguana hisses angrily.
Casting: Beastly Appendage (safe; 5% risk of failure)
Confirm with . or Enter, or press ? or * to list all spells.
Your blood is infused with primal strength.
You tentacle-slap the iguana but do no damage.
You grab the iguana.
You tentacle-slap the iguana, but do no damage.
You constrict the iguana. The iguana bites you!
You tentacle-slap the iguana.
You pierce the iguana.
The iguana is lightly wounded.
You constrict the iguana, but do no damage.
The iguana bites you!
* * * LOW HITPOINT WARNING * * *
You are too injured to fight recklessly!
You are too injured to fight recklessly!
Your tentacle spike disappears.
You turn into a tree.
Your roots penetrate the ground.
You lose your grip on the iguana.
The iguana bites you but does no damage.
You hit the iguana.
The iguana is moderately wounded.
The iguana bites you but does no damage.
You hit the iguana but do no damage.
The iguana is moderately wounded.
The iguana bites you.
* * * LOW HITPOINT WARNING * * *
You hit the iguana but do no damage.
The iguana is moderately wounded.
The iguana bites you!
You die...

..........##.####
.<..............#
.............##.#####
....................#
..............#.....#
..........†...#.....#
.............#.....#
........l.>..#.....#
###..♣....##.....#
#...............#
#...............#
#......###.###.##
#.....<#§...☼#.#
#......#.....#.#
##........_....
##....#.....###
###.##☼...§#


You could see an iguana.

Vanquished Creatures
  Ijyb (D:2)
  A gnoll (D:1)
  An adder (D:3)
  2 ball pythons
  6 endoplasms
  12 goblins
  4 hobgoblins
  7 kobolds
  3 quokkas
  4 bats (D:1)
  5 rats
46 creatures vanquished.

Notes
Turn   | Place    | Note
-------+----------+-------------------------------------------
     0 | D:1      | wormed the Octopode Transmuter began the quest for the Orb.
     0 | D:1      | Reached XP level 1. HP: 13/13 MP: 3/3
   153 | D:1      | Reached skill level 1 in Ice Magic
   153 | D:1      | Reached XP level 2. HP: 18/18 MP: 3/5
   330 | D:1      | Learned a level 2 spell: Wereblood
   469 | D:1      | Reached XP level 3. HP: 11/23 MP: 3/6
  1264 | D:2      | Noticed Ijyb
  1276 | D:2      | Killed Ijyb
  1277 | D:2      | Reached XP level 4. HP: 24/28 MP: 4/7
  1285 | D:2      | Learned a level 4 spell: Ice Form
  1732 | D:3      | Found an ancient bone altar of Kikubaaqudgha.
  1778 | D:3      | Slain by an iguana

Illustrated notes

Levels and vault maps discovered:
D:1:      saegor_arrival_simple_d, layout_loops_ring, minmay_misc_feat_doors
D:2:      kennysheep_the_goblin_king, layout_rooms, serial_glass,
          glass_columns_b, glass_columns_a, glass_columns_c, glass_columns_c
D:3:      layout_rooms, nicolae_kikubaaqudgha_miasma_corner,
          chequers_decorated_corner, minmay_ogre_servants

Skill      XL: |  1  2  3 |
---------------+----------+-----
Ice Magic      | 1 2 |  2.7
Fighting       | |  1.0
Dodging        | |  2.0
Unarmed Combat | |  3.0
Spellcasting   | |  2.7
Transmutations | |  2.9

Action                   |  1- 3 |  4- 6 || total
-------------------------+-------+-------++-------
Melee: Unarmed           |    72 |    16 ||    88
       Kick              |    28 |     4 ||    32
       Constrict         |    22 |     6 ||    28
       Tentacles         |    13 |     3 ||    16
       Punch             |       |     1 ||     1
 Cast: Beastly Appendage |    20 |     5 ||    25
       Wereblood         |    11 |     5 ||    16
  Use: Scroll            |       |    10 ||    10
       Potion            |       |     1 ||     1
 Stab: Sleeping          |     6 |     1 ||     7
Armor: Skin              |     4 |     2 ||     6
Dodge: Dodged            |    38 |     3 ||    41

Table legend: (Time is in decaauts)
 A = Elapsed time spent in this place.
 B = Non-inter-level travel time spent in this place.
 C = Inter-level travel time spent in this place.
 D = Time resting spent in this place.
 E = Time spent auto-exploring this place.
 F = Levels seen in this place.
 G = Mean time per level.
                   A        B        C        D        E       F      G
               +--------+--------+--------+--------+--------+-----+--------+
         Total |   1772 |   1748 |     24 |     37 |   1390 |   3 |  590.7 |
       Dungeon |   1772 |   1748 |     24 |     37 |   1390 |   3 |  590.7 |
               +--------+--------+--------+--------+--------+-----+--------+

Top non-repeatable levels by time:
     D:1: 945 daAuts
     D:2: 677 daAuts
     D:3: 150 daAuts
